 Seeded DCSS version 0.27.1-37-g7b29ead8ac (console) character file.

Game seed: 6275522714680253129 (custom seed)

2754 grimtooth the Fighter (level 9, -2/110 HPs)
             Began as an Ogre Berserker on Mar 14, 2023.
             Was a High Priest of Trog.
             Slain by Pikel (8 damage)
             ... on level 7 of the Dungeon.
             The game lasted 00:20:53 (9831 turns).

grimtooth the Fighter (Ogre Berserker)              Turns: 9831, Time: 00:20:54

Health: -2/110     AC:  3    Str: 29    XL:     9   Next: 68%
Magic:  9/9        EV: 10    Int:  8    God:    Trog [*****.]
Gold:   414        SH:  0    Dex: 13    Spells: 8/8 levels left

rFire    . . .     SeeInvis .   v - +8 hand axe {speed, Will+ Str+4 Dex+4}
rCold    . . .     Faith    +   (no shield)
rNeg     . . .     Spirit   .   b - +0 animal skin
rPois    .         Reflect  .   (helmet restricted)
rElec    .         Harm     .   (no cloak)
rCorr    .         Rampage  .   (gloves unavailable)
Will     +....                  (boots unavailable)
Stlth    +.........             g - amulet of faith
HPRegen  0.28/turn              (no ring)
MPRegen  0.11/turn              (no ring)

@: no status effects
A: large, unfitting armour, tough skin 1
a: Renounce Religion, Berserk, Trog's Hand, Brothers in Arms


You were on level 7 of the Dungeon.
You worshipped Trog.
Trog was extremely pleased with you.
You visited 1 branch of the dungeon, and saw 7 of its levels.

You collected 414 gold pieces.

Inventory:

Hand Weapons
 a - a +3 dire flail
 h - a +2 rapier of distortion
 u - a +0 hand axe
 v - the +8 hand axe of Vanity (weapon) {speed, Will+ Str+4 Dex+4}
   (You found it on level 5 of the Dungeon)

   Attacks with this weapon are significantly faster.
   Str:       It affects your strength (+4).
   Dex:       It affects your dexterity (+4).
   Will:      It increases your willpower.
 z - a +2 dire flail of venom
Missiles
 c - 16 boomerangs
 i - 39 sling bullets
 m - 82 stones (quivered)
 t - 13 poisoned darts
 y - a throwing net {=f}
Armour
 b - a +0 animal skin (worn)
Jewellery
 g - an amulet of faith (around neck)
 q - an amulet of guardian spirit
Wands
 r - a wand of acid (7)
Scrolls
 d - a scroll of enchant weapon {unknown}
 e - 2 scrolls of teleportation
 j - 2 scrolls of noise {unknown}
 l - 2 scrolls of amnesia {unknown}
 o - 2 scrolls of magic mapping
 s - 2 scrolls of fear
 w - a scroll of identify {@r4}
 x - a scroll of acquirement
 A - a scroll of brand weapon {unknown}
 C - a scroll of fog {unknown}
Potions
 f - 4 potions of heal wounds
 k - 4 potions of curing
 n - a potion of haste
 p - a potion of invisibility
 B - a potion of degeneration {unknown}


   Skills:
 + Level 13.0 Fighting
 - Level 9.0 Axes
 - Level 2.6 Dodging


You had 8 spell levels left.
You didn't know any spells.
Your spell library was empty.

Dungeon Overview and Level Annotations

Branches:
Dungeon (7/15)             Temple (0/1) D:4

Altars:
Hepliaklqana
Makhleb
Qazlal
Ru
Zin

Shops:
D:7 (**

Annotations:
D:7 Pikel


Innate Abilities, Weirdness & Mutations

You are too large for most types of armour.
You have tough skin. (AC +1)


Message History

The lemure is almost dead.
The lemure hits you!
You barely miss the lemure.
The lemure is almost dead.
The lemure hits you.
You slash the lemure!
You kill the lemure!
That felt strangely unrewarding.
You closely miss the lemure. The lemure hits you but does no damage.
Pikel says, "You'll make a fine lemure."
The lemure hits you but does no damage. The lemure hits you.
The lemure barely misses you.
Pikel hits you with a +2 whip of electrocution!
* * * LOW HITPOINT WARNING * * *
You hit Pikel but do no damage. You hit Pikel.
Pikel is lightly wounded.
Pikel barely misses you.
You barely miss Pikel.
Pikel is lightly wounded.
You slash Pikel!
Pikel is moderately wounded.
Pikel closely misses you.
You slash Pikel!
Pikel is heavily wounded.
You hit Pikel.
Pikel is heavily wounded.
Pikel says, "You'll make a fine lemure."
Pikel hits you with a +2 whip of electrocution.
* * * LOW HITPOINT WARNING * * *
You are electrocuted!
* * * LOW HITPOINT WARNING * * *
You closely miss Pikel.
Pikel is heavily wounded.
Pikel hits you with a +2 whip of electrocution!
* * * LOW HITPOINT WARNING * * *
You are electrocuted!
You die...

##### #....####...........
....##..........##.#..###
................>##.#
###########.####.##.##.##
#...........# #.##.##..#
#.#########.####.##.###.# #
#.#...5...#..........##.##
#.#.#.#####5#......#.#.##..#
#.#.#.#...#5#...##.#.#.###.#
#.#.#.#∩#.#K#.#.##.#.#..##.#
#.#.#.###.#@#.#.##.#.##.##.# #.
#.#.#.....#.#.#.##....<.##.. #.
#..#.#######.#.#......##..##.
#.##..#.........#.#.##...###.##.
......###########........###..##
#..............................#
(#.#.##...#......................
.#.#.##.#.##..............#####.#
.#.#......................# #..
.#................######.## #..
........#.##......######.######..


You could see Pikel and 2 lemures.

Vanquished Creatures
  A water moccasin (D:3)
  Edmund (D:6)
  An ice beast (D:5)
  7 black bears
  2 ogres
  A centaur (D:4)
  4 phantoms
  2 lemures (D:7)
  A gnoll sergeant (D:5)
  A wight (D:5)
  2 water moccasin skeletons (D:6)
  2 howler monkeys (D:5)
  A bullfrog zombie (D:6)
  3 iron imps (D:6)
  A jelly (D:6)
  A bullfrog skeleton (D:5)
  4 orc priests
  4 hounds
  A centaur skeleton (D:7)
  A gnoll shaman (D:6)
  3 iguanas
  A scorpion zombie (D:5)
  3 orc wizards
  A hound skeleton (D:5)
  A howler monkey skeleton (D:5)
  7 adders
  8 gnolls
  4 river rats (D:5)
  A shadow imp (D:5)
  2 white imps
  An ufetubus (D:5)
  4 worms
  4 dart slugs
  9 orcs
  6 ball pythons
  6 endoplasms
  2 giant cockroaches
  5 goblins
  7 hobgoblins
  7 jackals
  6 kobolds
  3 quokkas
  6 bats
  3 frilled lizards
  4 rats
145 creatures vanquished.

Notes
Turn   | Place    | Note
-------+----------+-------------------------------------------
     0 | D:1      | grimtooth the Ogre Berserker began the quest for the Orb.
     0 | D:1      | Reached XP level 1. HP: 24/24 MP: 1/1
   179 | D:1      | Reached XP level 2. HP: 32/32 MP: 2/2
   272 | D:1      | Found a faded altar of an unknown god.
   274 | D:1      | Noticed an eye of devastation
   643 | D:1      | Noticed a shining eye
   651 | D:1      | Noticed a great orb of eyes
   673 | D:1      | Noticed an eye of devastation
  1119 | D:2      | Reached XP level 3. HP: 11/40 MP: 3/3
  1633 | D:2      | Reached ** piety under Trog
  2099 | D:2      | Reached XP level 4. HP: 40/49 MP: 4/4
  2405 | D:3      | Reached skill level 5 in Fighting
  2518 | D:3      | Found a sacrificial altar of Ru.
  2890 | D:3      | Noticed an earth elemental
  2918 | D:3      | Found a glowing silver altar of Zin.
  3311 | D:3      | Found a stormy altar of Qazlal.
  3312 | D:3      | Noticed a water elemental
  3312 | D:3      | Noticed a fire elemental
  3312 | D:3      | Noticed an air elemental
  3431 | D:3      | Noticed a water moccasin
  3448 | D:3      | Killed a water moccasin
  3448 | D:3      | Reached *** piety under Trog
  3449 | D:3      | Reached skill level 5 in Axes
  3449 | D:3      | Reached XP level 5. HP: 24/59 MP: 5/5
  3981 | D:4      | Noticed a phantom
  4011 | D:3      | Killed a phantom
  4012 | D:3      | Reached skill level 6 in Fighting
  4012 | D:3      | Reached XP level 6. HP: 25/67 MP: 6/6
  4476 | D:4      | Found a staircase to the Ecumenical Temple.
  4520 | D:3      | Reached XP level 7. HP: 42/76 MP: 7/7
  5300 | D:4      | Reached skill level 7 in Fighting
  5575 | D:5      | Entered Level 5 of the Dungeon
  5624 | D:5      | Reached XP level 8. HP: 24/88 MP: 8/8
  6052 | D:4      | Reached skill level 8 in Fighting
  7334 | D:5      | Identified the +8 hand axe of Vanity {speed, Will+ Str+4
                  | Dex+4}
  7345 | D:5      | Reached **** piety under Trog
  7346 | D:5      | Reached skill level 9 in Fighting
  7356 | D:5      | Identified a scroll of acquirement
  7606 | D:5      | Reached skill level 10 in Fighting
  7609 | D:5      | Reached XP level 9. HP: 89/101 MP: 9/9
  8093 | D:6      | Reached skill level 11 in Fighting
  8382 | D:6      | Noticed Edmund
  8387 | D:6      | Killed Edmund
  8395 | D:6      | Found a burning altar of Makhleb.
  8615 | D:6      | Reached skill level 12 in Fighting
  8716 | D:6      | Reached ***** piety under Trog
  9214 | D:6      | Found a hazy altar of Hepliaklqana.
  9414 | D:7      | Found Luzung Pujo's Antique Weapon Shoppe.
  9423 | D:7      | Found Xiricw's General Store.
  9679 | D:7      | Reached skill level 13 in Fighting
  9758 | D:7      | Found Haentyck's General Store.
  9758 | D:7      | Noticed Pikel
  9831 | D:7      | Slain by Pikel

Illustrated notes

Levels and vault maps discovered:
D:1:      enne_arrival_octagon_isle, layout_basic,
          hellmonk_ecumenical_altar_watching_god, minivault_11
D:2:      layout_loops_ring, feat_on_display
D:3:      layout_basic, mainiacjoe_overflow_paths,
          nicolae_qazlal_style_of_elements, zin_academy, grunt_ministairs_14
D:4:      layout_basic, minmay_temple_entry_statues_pillars
D:5:      minmay_inner_zag, layout_basic, lightli_sewer_entry_pipes
D:6:      layout_basic, demons_altar, mainiacjoe_overflow_cross_hatched,
          uniq_edmund
D:7:      layout_basic, serial_shops, nicolae_shop_crystal, nicolae_shop_trees,
          nicolae_shop_behind_doors, shop_statue, nicolae_inconvenience_store,
          uniq_pikel

Skill      XL: |  1  2  3  4  5  6  7  8  9 |
---------------+----------------------------+-----
Axes           | 4 5 6 7 9 |  9.0
Fighting       | 5 6 7 10 13 | 13.0
Dodging        | |  2.6

Action                   |  1- 3 |  4- 6 |  7- 9 || total
-------------------------+-------+-------+-------++-------
Melee: Hand axe          |   102 |   125 |   356 ||   583
Throw: Boomerang         |     1 |       |       ||     1
       Stone             |    11 |    42 |    49 ||   102
       Dart              |       |       |    10 ||    10
Invok: Berserk           |     1 |     2 |     4 ||     7
Evoke: Wand              |       |     1 |     1 ||     2
  Use: Scroll            |       |     6 |     3 ||     9
 Stab: Sleeping          |       |       |     5 ||     5
Armor: Animal skin       |    28 |    24 |    47 ||    99
Dodge: Dodged            |    42 |    66 |   138 ||   246
